 Dungeon Crawl Stone Soup version 0.28-a0-43-g560ac104fe (webtiles) character file.

Game seed: 10543411480269904131

23 MacCMillion the Skirmisher (level 2, -1/27 HPs)
             Began as a Minotaur Fighter on July 28, 2021.
             Was an Initiate of Nemelex Xobeh.
             Killed from afar by Sigmund (4 damage)
             ... with a puff of flame
             ... on level 3 of the Dungeon.
             The game lasted 00:04:30 (1664 turns).

MacCMillion the Skirmisher (Minotaur Fighter)       Turns: 1664, Time: 00:04:31

Health: -1/27      AC:  8    Str: 20    XL:     2   Next: 72%
Magic:  1/1        EV:  9    Int:  5    God:    Nemelex Xobeh [......]
Gold:   75         SH:  0    Dex:  9    Spells: 1/1 levels left

rFire   . . .      SeeInvis .   a - +0 war axe
rCold   . . .      Faith    .   (no shield)
rNeg    . . .      Spirit   .   b - +0 scale mail
rPois   .          Reflect  .   (helmet restricted)
rElec   .          Harm     .   (no cloak)
rCorr   .          Rampage  .   (no gloves)
Will    .....                   m - +0 pair of boots
Stlth   ..........              (no amulet)
HPRegen 0.09/turn               l - ring of flight
MPRegen 0.07/turn               (no ring)

@: flying
A: horns 2, retaliatory headbutt
a: Renounce Religion, Draw Escape, Draw Destruction, Draw Summoning


You were on level 3 of the Dungeon.
You worshipped Nemelex Xobeh.
Nemelex Xobeh was noncommittal.
You visited 1 branch of the dungeon, and saw 3 of its levels.

You collected 75 gold pieces.

Inventory:

Hand Weapons
 a - a +0 war axe (weapon)
 n - a +2 short sword of electrocution
Armour
 b - a +0 scale mail (worn)
 c - a +0 kite shield
 m - a +0 pair of boots (worn)
Jewellery
 l - a ring of flight (left hand)
Scrolls
 e - a scroll of enchant armour {unknown}
 f - a scroll of identify {unknown}
 g - a scroll of holy word {unknown}
 h - a scroll of fear {unknown}
 i - a scroll of amnesia {unknown}
Potions
 d - 2 potions of might
 j - a potion of mutation {unknown}
 k - a potion of berserk rage {unknown}


   Skills:
 + Level 4.1 Fighting
 * Level 2.8 Axes
 + Level 4.0 Armour
 + Level 3.9 Shields


You had one spell level left.
You didn't know any spells.
Your spell library contained the following spells:

 Spells                   Type           Power      Damage    Failure   Level
 Magic Dart               Conj           0%         1d3       83%         1
 Call Imp                 Summ           0%         N/A       92%         2
 Mephitic Cloud           Conj/Pois/Air  0%         N/A       99%         3


Dungeon Overview and Level Annotations

Branches:
Dungeon (3/15)

Altars:
Cheibriados
Elyvilon
Nemelex Xobeh
Sif Muna
Uskayaw
Wu Jian
Zin

Annotations:
D:3 Sigmund


Innate Abilities, Weirdness & Mutations

You have a pair of horns on your head.
You reflexively headbutt those who attack you in melee.


Message History

You feel less confused.
Sigmund points at you and mumbles some strange words.
You are confused.
You bump into the rock wall.
Sigmund is no longer unusually resistant.
You feel less confused. Sigmund gestures at you while chanting.
You are confused.
Sigmund closely misses you. Sigmund hits you with a +0 scythe!
Sigmund closely misses you.
Sigmund hits you from afar with a +0 scythe!
* * * LOW HITPOINT WARNING * * *
Sigmund breathes a few words.
Sigmund's hands start flickering wildly.
Sigmund hits you from afar with a +0 scythe.
* * * LOW HITPOINT WARNING * * *
You feel less confused. Sigmund gestures at you while chanting.
You are confused.
Okay, then.
You bump into the rock wall.
Sigmund points at you and mumbles some strange words.
You are more confused.
Sigmund completely misses you. Sigmund hits you but does no damage.
You bump into the rock wall.
Sigmund mumbles some strange words.
Sigmund flickers and vanishes!
Deactivating autopickup; reactivate with Ctrl-A.
You bump into the rock wall.
Something hits you but does no damage.
A magic dart appears from out of thin air!
The magic dart hits you but does no damage.
You feel less confused.
A puff of flame appears from out of thin air!
The puff of flame hits you but does no damage.
A puff of flame appears from out of thin air!
The puff of flame hits you.
You die...
Your body disappears without a glow.

#.........#...##<#
......##....._....#
..≈.≈.##..._..._..## #
...⌠≈...{..........#.#
...≈≈..##....⌠.._....#
....... #.........####
.###.. #.._..._..# ###
##..._...## ##.@..###
#.#.## #...# ##.<#
#..# #..# #.># #..#
#..#


There were no monsters in sight!

Vanquished Creatures
  A dart slug (D:2)
  3 endoplasms
  3 goblins
  A hobgoblin (D:2)
  2 jackals (D:1)
  A ball python (D:2)
  2 bats
  A frilled lizard (D:1)
  3 kobolds (D:2)
  3 rats (D:2)
20 creatures vanquished.

Notes
Turn   | Place    | Note
-------+----------+-------------------------------------------
     0 | D:1      | MacCMillion the Minotaur Fighter began the quest for the
                  | Orb.
     0 | D:1      | Reached XP level 1. HP: 19/19 MP: 0/0
    84 | D:1      | Found a faded altar of an unknown god.
   808 | D:1      | Reached XP level 2. HP: 27/27 MP: 1/1
  1546 | D:3      | Found a white marble altar of Elyvilon.
  1546 | D:3      | Found a shimmering blue altar of Sif Muna.
  1546 | D:3      | Found an ornate altar of the Wu Jian Council.
  1546 | D:3      | Found a snail-covered altar of Cheibriados.
  1548 | D:3      | Found a sparkling altar of Nemelex Xobeh.
  1548 | D:3      | Found a hide-covered altar of Uskayaw.
  1549 | D:3      | Found a glowing silver altar of Zin.
  1568 | D:3      | Became a worshipper of Nemelex Xobeh the Trickster
  1610 | D:3      | Noticed Sigmund
  1664 | D:3      | Killed from afar by Sigmund

Illustrated notes

Levels and vault maps discovered:
D:1:      nzn_arrival_depleted_hourglass, layout_basic,
          hellmonk_ecumenical_altar_dog_temple, minmay_tromino_i2
D:2:      layout_basic, minmay_box_of_dots
D:3:      layout_loops_ring, grunt_temple_overflow_open,
          mainiacjoe_overflow_24_doors, nrook_campfire,
          corexii_leaking_fountain, uniq_crazy_yiuf_cottage, uniq_sigmund,
          uniq_grinder, uniq_terence

Skill      XL: |  1  2 |
---------------+-------+-----
Fighting       | 4 |  4.1
Armour         | 4 |  4.0
Axes           | |  2.8
Shields        | |  3.9

Action                   || total
-------------------------++-------
Melee: War axe           ||    34
       Headbutt          ||     4
Armor: Scale mail        ||    18
Dodge: Dodged            ||    22

Table legend: (Time is in decaauts)
 A = Elapsed time spent in this place.
 B = Non-inter-level travel time spent in this place.
 C = Inter-level travel time spent in this place.
 D = Time resting spent in this place.
 E = Time spent auto-exploring this place.
 F = Levels seen in this place.
 G = Mean time per level.
                   A        B        C        D        E       F      G
               +--------+--------+--------+--------+--------+-----+--------+
         Total |   1675 |   1594 |     81 |    134 |   1240 |   3 |  558.3 |
       Dungeon |   1675 |   1594 |     81 |    134 |   1240 |   3 |  558.3 |
               +--------+--------+--------+--------+--------+-----+--------+

Top non-repeatable levels by time:
     D:1: 1039 daAuts
     D:2: 518 daAuts
     D:3: 118 daAuts
